 Dungeon Crawl Stone Soup version 0.30-b1-2-g02819fbbbe (webtiles) character file.

Game seed: 2303931464474534785

67 Alarkh the Insei (level 4, 40/40 HPs)
             Began as a Demonspawn Chaos Knight on May 20, 2023.
             Was a Plaything of Xom.
             Got out of the dungeon alive.
             The game lasted 00:01:42 (1507 turns).

Alarkh the Insei (Demonspawn Chaos Knight)          Turns: 1507, Time: 00:01:43

Health: 40/40      AC:  5    Str: 12    XL:     4   Next: 0%
Magic:  4/4        EV: 10    Int: 15    God:    Xom [...*..]
Gold:   138        SH:  7    Dex: 13    Spells: 3/3 levels left

rFire   . .          .
                       - Unarmed
rCold   . . .        n - +0 buckler
rNeg    . . .        a - +2 leather armour
rPois   +            (helmet restricted)
rElec   .            (no cloak)
rCorr   .            (no gloves)
SInv    .            (no boots)
Will    .....        e - amulet of faith
Stlth   +            (no ring)
HPRegen 0.26/turn    (no ring)
MPRegen 0.09/turn

%: faith
@: no status effects
A: ignite blood 1, spiny 1, horns 1, large bone plates 1, mutation resistance 1,
poison resistance, robust 1
a: Renounce Religion


You escaped.
You worshipped Xom.
You were a favourite toy of Xom.
You visited 1 branch of the dungeon, and saw 3 of its levels.

You collected 138 gold pieces.

Inventory:

Armour
 a - a +2 leather armour (worn)
 n - a +0 buckler (worn)
Jewellery
 e - an amulet of faith (around neck)
Wands
 q - a wand of charming (10)
Scrolls
 c - 2 scrolls of poison {unknown}
 f - 2 scrolls of immolation {unknown}
 g - a scroll of fear {unknown}
 h - a scroll of enchant weapon {unknown}
 l - a scroll of fog {unknown}
 m - a scroll of blinking {unknown}
 p - a scroll of torment {unknown}
 r - a scroll of identify
Potions
 i - a potion of resistance
 j - 3 potions of attraction {unknown}
 k - a potion of curing
 o - 2 potions of heal wounds {unknown}
Miscellaneous
 b - a piece from Xom's chessboard (15/15) (quivered)


   Skills:
 + Level 3.6 Fighting
 - Level 1.7 Armour
 - Level 0.8 Dodging
 + Level 0.1 Shields
 * Level 4.0 Unarmed Combat


You had 3 spell levels left.
You didn't know any spells.
Your spell library contained the following spells:

 Spells                   Type           Power      Damage    Failure   Level
 Kiss of Death            Conj/Necr      0%         2d5       45%         1
 Confusing Touch          Hex            0%         N/A       83%         3
 Dispel Undead            Necr           0%         3d6       99%         4


Dungeon Overview and Level Annotations

Branches:
Dungeon (3/15)

Altars:


Innate Abilities, Weirdness & Mutations

Your demonic aura sometimes causes spilled blood to erupt in flames.
You are partially covered in sharp spines.
You have a pair of small horns on your head.
You are partially covered in large bone plates. (SH +4)
You are somewhat resistant to further mutation.
Your system is resistant to poisons. (rPois)
You are robust. (+10% HP)


Message History

It bursts into flame!
The goblin shoots a sling bullet.
The sling bullet hits you. The sling bullet burns you.
You see here a +0 club.
The goblin shoots a sling bullet.
The sling bullet misses you.
The goblin shoots a sling bullet.
The sling bullet hits you. The sling bullet burns you.
The goblin unwields a +1 sling of flaming.
It stops flaming.
The goblin wields a +0 dagger.
The goblin is struck by your spines. The goblin hits you but does no damage.
You hit the goblin.
The goblin is severely wounded.
The goblin hits you with a +0 dagger.
You hit the goblin but do no damage.
The goblin is severely wounded.
The goblin is struck by your spines.
You kill the goblin!
Your Unarmed Combat skill increases to level 4!
You have reached level 4!
You feel agile.
Your demonic ancestry asserts itself...
Your blood heats up.
Xom is amused.
(D) Dungeon
Where to? (Enter - D:3, ? - help)
What level of the Dungeon? (default 1, ? - help)
You see here a +0 club.
There is a stone staircase leading up here.
You climb upwards.
There is a stone staircase leading down here.
There is an escape hatch in the floor here.
There is a stone staircase leading up here.
You climb upwards.
There is a stone staircase leading down here.
Unknown command.
HP restored.
You see here a +0 scale mail.
There is an open door here.
There is an open door here.
There is a staircase leading out of the dungeon here.
Are you sure you want to leave the Dungeon?
This will make you lose the game!
You have escaped!

#.# #....##'###'# #.#
#.#####.....#####
####.###.#..(#.....#...#
.........#.8.+..#..+.8.#
.......#.#...#.....#...#
####...#.#####.....#####
#...#.# ###'### #.....#
#...# #..##.# #.@.#
#..##.# #...# #..##.#
####### ##.##.# #.# #.#
#.##.# #.# #.#
##.##.####.###.#
#..##..........#
#..#######.##### #..#
#.#


There were no monsters in sight!

Vanquished Creatures
  3 dart slugs (D:1)
  3 endoplasms
  A giant cockroach (D:1)
  8 goblins
  5 hobgoblins
  7 jackals (D:1)
  5 quokkas
  5 ball pythons
  5 bats
  2 frilled lizards (D:2)
  5 kobolds
  5 rats
54 creatures vanquished.

Notes
Turn   | Place    | Note
-------+----------+-------------------------------------------
     0 | D:1      | Alarkh the Demonspawn Chaos Knight began the quest for the
                  | Orb.
     0 | D:1      | Reached XP level 1. HP: 18/18 MP: 1/1
    53 | D:1      | XOM: potion effect (brilliance)
    82 | D:1      | Reached skill level 3 in Unarmed Combat
   114 | D:1      | Gained mutation: You are partially covered in sharp spines.
                  | [demonic ancestry]
   114 | D:1      | Reached XP level 2. HP: 24/24 MP: 2/2
   290 | D:1      | XOM: cloud trail
   360 | D:1      | Reached XP level 3. HP: 26/29 MP: 3/3
   607 | D:1      | XOM: give mutations
   607 | D:1      | Gained mutation: You are somewhat resistant to further
                  | mutation. [Xom's grace]
   607 | D:1      | Gained mutation: You are partially covered in large bone
                  | plates. (SH +4) [Xom's grace]
   607 | D:1      | Gained mutation: You have a pair of small horns on your
                  | head. [Xom's grace]
   607 | D:1      | Gained mutation: Your system is resistant to poisons.
                  | (rPois) [Xom's grace]
   795 | D:2      | XOM: noise
   866 | D:2      | XOM: give mutation
   866 | D:2      | Gained mutation: You are robust. (+10% HP) [Xom's grace]
   877 | D:2      | XOM: divination: detect items
  1436 | D:3      | Reached skill level 4 in Unarmed Combat
  1436 | D:3      | Gained mutation: Your demonic aura sometimes causes spilled
                  | blood to erupt in flames. [demonic ancestry]
  1436 | D:3      | Reached XP level 4. HP: 31/40 MP: 4/4
  1507 | D:$      | Got out of the dungeon alive.

Illustrated notes

Levels and vault maps discovered:
D:1:      minmay_arrival_stair_chambers, layout_loops_ring, st_stairs_5,
          feat_on_display
D:2:      layout_rooms, grunt_decor_arrowhead, st_stairs_4,
          kennysheep_generic_room_7
D:3:      layout_basic, nicolae_dithmenos_through_a_glass_darkly

Skill      XL: |  1  2  3 |
---------------+----------+-----
Unarmed Combat | 3 4 |  4.0
Fighting       | |  3.6
Armour         | |  1.7
Dodging        | |  0.8
Shields        | |  0.1

Action                     |  1- 3 |  4- 6 || total
---------------------------+-------+-------++-------
  Melee: Unarmed           |   139 |       ||   139
         Punch             |     1 |       ||     1
         Headbutt          |     7 |       ||     7
    Use: Scroll            |     2 |       ||     2
   Stab: Sleeping          |     1 |       ||     1
 Armour: Leather armour    |    33 |       ||    33
  Dodge: Dodged            |    64 |       ||    64
  Block: Other             |    11 |       ||    11
         Buckler           |     3 |       ||     3
